 Dungeon Crawl Stone Soup version 0.29-a0-555-g3b24f45cc1 (webtiles) character file.

Game seed: 4353360791090445652

30951 bande the Cleaver (level 13, -6/80 HPs)
             Began as a Gargoyle Fighter on June 8, 2022.
             Was the Champion of Okawaru.
             Mangled by a death yak (9 damage)
             ... on level 6 of the Lair of Beasts.
             The game lasted 00:23:29 (19778 turns).

bande the Cleaver (Gargoyle Fighter)               Turns: 19778, Time: 00:23:29

Health: -6/80      AC: 34    Str: 26    XL:     13   Next: 55%
Magic:  19/19      EV:  7    Int:  4    God:    Okawaru [******]
Gold:   837        SH:  6    Dex: 13    Spells: 12/12 levels left

rFire   . . .      SeeInvis +   y - +4 war axe (venom)
rCold   + + +      Faith    .   c - +0 buckler
rNeg    + . .      Spirit   .   v - +0 plate armour
rPois   ∞          Reflect  .   N - +1 helmet {SInv}
rElec   +          Harm     .   (no cloak)
rCorr   .          Rampage  .   (no gloves)
Will    .....                   k - +2 pair of boots
Stlth   ..........              (no amulet)
HPRegen 0.23/turn               z - ring of Eternity {rC+++ Str+5 Int-5 Slay+4}
MPRegen 0.16/turn               s - +4 ring of protection

@: no status effects
A: sickness immunity, AC +9, negative energy resistance 1, electricity
resistance, torment resistance 1, petrification resistance
a: Renounce Religion, Heroism, Finesse, Duel


You were on level 6 of the Lair of Beasts.
You worshipped Okawaru.
Okawaru was exalted by your worship.
You visited 3 branches of the dungeon, and saw 15 of its levels.

You collected 837 gold pieces.

Inventory:

Hand Weapons
 a - a +1 war axe
 n - a +0 flail
 y - a +4 war axe of venom (weapon)
Armour
 c - a +0 buckler (worn)
 k - a +2 pair of boots (worn)
 v - a +0 plate armour (worn)
 w - a scarf of invisibility
 F - the +1 pair of boots "Duluon" {rF+ MP+9 Dex-3}
   (Okawaru gifted it to you on level 2 of the Lair of Beasts)

   Dex:       It affects your dexterity (-3).
   rF:        It protects you from fire.
   MP:        It affects your magic capacity (+9).
 K - the +4 plate armour of Youthful Indiscretion {Will- SInv Stlth+}
   (Okawaru gifted it to you on level 3 of the Lair of Beasts)

   SInv:      It lets you see invisible.
   Will:      It decreases your willpower.
   Stlth:     It makes you more stealthy.
 N - a +1 helmet of see invisible (worn)
Jewellery
 p - an amulet of magic regeneration
 s - a +4 ring of protection (right hand)
 t - a ring of willpower
 u - a ring of fire
 z - the ring of Eternity (left hand) {rC+++ Str+5 Int-5 Slay+4}
   (You acquired it on level 6 of the Dungeon)

   [ring of slaying]

   Str:       It affects your strength (+5).
   Int:       It affects your intelligence (-5).
   Slay:      It affects your accuracy & damage with ranged weapons and melee
   (+4).
   rC:        It renders you almost immune to cold.
 D - a ring of fire
 G - a ring of positive energy
 L - a +4 ring of evasion
Wands
 b - a wand of acid (1)
 o - a wand of paralysis (7)
 I - a wand of flame (21)
 J - a wand of iceblast (3)
Scrolls
 h - 3 scrolls of blinking
 i - 2 scrolls of magic mapping
 j - 6 scrolls of teleportation
 l - a scroll of enchant armour
 B - 2 scrolls of amnesia
 E - 2 scrolls of enchant weapon
 H - 2 scrolls of identify
Potions
 d - 2 potions of magic
 e - a potion of cancellation
 f - 7 potions of flight
 g - 4 potions of curing
 m - a potion of ambrosia
 q - a potion of haste
 r - a potion of might
 x - 2 potions of brilliance
 C - a potion of invisibility
 M - a potion of heal wounds


   Skills:
 + Level 9.5 Fighting
 + Level 13.0 Axes
 + Level 11.0 Armour
 + Level 7.6 Shields
 * Level 8.5 Invocations
 * Level 7.9 Evocations


You had 12 spell levels left.
You didn't know any spells.
Your spell library contained the following spells:

 Spells                   Type           Power      Damage    Failure   Level
 Gell's Gravitas          Tloc           0%         N/A       100%        3
 Ozocubu's Armour         Ice            0%         N/A       100%        3
 Portal Projectile        Hex/Tloc       0%         N/A       100%        3
 Teleport Other           Tloc           0%         N/A       100%        3
 Airstrike                Air            0%         N/A       100%        4
 Leda's Liquefaction      Hex/Erth       0%         N/A       100%        4
 Lightning Bolt           Conj/Air       0%         1d11      100%        5
 Dispersal                Tloc           0%         N/A       100%        6
 Eringya's Noxious Bog    Tmut/Pois      0%         N/A       100%        6
 Ozocubu's Refrigeration  Ice            0%         4d5       100%        7
 Call Canine Familiar     Summ           Unusable   N/A       N/A         3
 Summon Lightning Spire   Summ/Air       Unusable   N/A       N/A         4
 Summon Forest            Summ/Tloc      Unusable   N/A       N/A         5
 Summon Hydra             Summ           Unusable   N/A       N/A         7

Dungeon Overview and Level Annotations

Branches:
Dungeon (8/15)             Temple (1/1) D:7            Lair (6/6) D:8
  Swamp (0/4) Lair:3        Snake (0/4) Lair:4        Slime (0/5) Lair:5

Altars:
Ashenzari
Cheibriados
Dithmenos
Elyvilon
Gozag
Hepliaklqana
Kikubaaqudgha
Nemelex Xobeh
Okawaru
Qazlal
Ru
Sif Muna
Trog
Vehumet
Zin
The Shining One
Jiyva

Annotations:
D:8 1 runed translucent door, Bediveer's ghost, novice MeFi
Lair:4 3 runed translucent doors, Ilybyalurph's ghost, journeyman OpCj


Innate Abilities, Weirdness & Mutations

You are immune to sickness and miasma.
Your stone body is resilient. (AC +9)
You are immune to poison.
You resist negative energy. (rN+)
You are resistant to electric shocks. (rElec)
You are resistant to unholy torment.
You are immune to petrification.


Message History

The death yak looks as sick as possible!
The death yak is heavily wounded.
The death yak gores you!
You slash the death yak!
The death yak is severely wounded.
The death yak gores you but does no damage.
You hit the death yak.
The death yak is almost dead.
The death yak gores you.
You slash the death yak!
The death yak looks as sick as possible!
The death yak is almost dead.
The death yak gores you but does no damage.
You slice the death yak!!
You kill the death yak!
Okawaru is honoured by your kill.
Your Axes skill increases to level 13!
The death yak looks more healthy.
The death yak gores you but does no damage.
The death yak gores you!!
* * * LOW HITPOINT WARNING * * *
The death yak gores you but does no damage.
You see here a death yak corpse.
The death yak attacks as you move away!
The death yak gores you but does no damage.
The death yak gores you!
* * * LOW HITPOINT WARNING * * *
The death yak barely misses you. The death yak attacks as you move away!
You block the death yak's attack.
You hit the death yak but do no damage.
The death yak is poisoned.
You barely miss the death yak. You slash the death yak!
The death yak gores you.
* * * LOW HITPOINT WARNING * * *
The death yak gores you but does no damage. x2
You slash the death yak!
The death yak is moderately wounded.
You slash the death yak! You hit the death yak but do no damage.
The death yak is poisoned.
The death yak barely misses you. You block the death yak's attack.
The death yak gores you!
You die...

............###
#............##
###........#....
#...._....##..## #
####.......### ###
#.#####.##.!†.....P#
##
#.......†##......##
#.
#...#YY..###.##..#
### #....@Y..#
####### #..
#....##...## #.###..
#...# #.P..#
##...#.. ###
#.#....#####.....PP
.#..P...##.##....PP
#...........#.......
#P..........#.......
#P...P......#....##<
#####.....#.##......


You could see 3 death yaks.

Vanquished Creatures
  A hydra (Lair:1)
  A boulder beetle (Lair:2)
  2 catoblepae
  A two-headed ogre (D:8)
  3 death yaks
  A lindwurm (Lair:4)
  A bog body (Lair:3)
  6 elephants (Lair:3)
  5 black mambas
  10 cane toads
  A torpor snail (Lair:3)
  3 rime drakes
  6 komodo dragons
  3 polar bears
  23 blink frogs
  Sigmund (D:3)
  2 wyverns
  20 yaks
  3 fire bats (Lair:1)
  A steam dragon (D:6)
  4 swamp worms (Lair:3)
  19 water moccasins
  6 nagas (Lair:4)
  A sky beast (D:6)
  2 black bears
  2 ice beasts
  5 wolves
  6 centaurs
  3 ogres
  A phantom (D:6)
  2 kobold brigands (D:8)
  12 bullfrogs
  4 scorpions
  A necrophage (D:4)
  8 wights
  4 electric eels
  5 lava snakes
  3 jellies
  2 orc priests
  4 hounds
  4 iguanas
  An orc wizard (D:4)
  5 hell rats (Lair:4)
  12 gnolls
  8 adders
  A shadow imp (D:5)
  2 white imps
  An ufetubus (D:6)
  A worm (D:6)
  2 dart slugs
  11 orcs
  3 endoplasms
  3 giant cockroaches
  7 goblins
  5 hobgoblins
  15 kobolds
  4 quokkas
  10 ball pythons
  4 bats
  4 frilled lizards (D:2)
  10 rats
301 creatures vanquished.

Vanquished Creatures (collateral kills)
  A necrophage (D:7)
1 creature vanquished.

Vanquished Creatures (others)
  17 fungi
  29 plants
46 creatures vanquished.

Grand Total: 348 creatures vanquished

Notes
Turn   | Place    | Note
-------+----------+-------------------------------------------
     0 | D:1      | bande the Gargoyle Fighter began the quest for the Orb.
     0 | D:1      | Reached XP level 1. HP: 14/14 MP: 1/1
   681 | D:1      | Reached XP level 2. HP: 18/19 MP: 2/2
   982 | D:1      | Reached skill level 2 in Axes
  1095 | D:1      | Reached XP level 3. HP: 23/23 MP: 3/3
  1270 | D:2      | You fall into a shaft and drop 2 floors!
  1444 | D:4      | Noticed a necrophage
  1473 | D:3      | Found a sacrificial altar of Ru.
  1486 | D:3      | Noticed Sigmund
  1590 | D:2      | Reached XP level 4. HP: 28/28 MP: 4/4
  1925 | D:2      | Found a faded altar of an unknown god.
  2298 | D:3      | Killed Sigmund
  2299 | D:3      | Reached skill level 4 in Axes
  2299 | D:3      | Reached XP level 5. HP: 17/33 MP: 5/5
  2299 | D:3      | Reached XP level 6. HP: 20/38 MP: 6/6
  3038 | D:3      | Found a bloodstained altar of Trog.
  3541 | D:4      | Paralysed by a kobold for 4 turns
  3561 | D:4      | Found a hazy altar of Hepliaklqana.
  3563 | D:4      | Found an opulent altar of Gozag.
  3564 | D:4      | Found a snail-covered altar of Cheibriados.
  3579 | D:4      | Reached skill level 5 in Axes
  3579 | D:4      | Reached XP level 7. HP: 13/44 MP: 7/7
  3798 | D:4      | Found a stormy altar of Qazlal.
  4092 | D:4      | Found a shimmering blue altar of Sif Muna.
  4160 | D:5      | Entered Level 5 of the Dungeon
  4750 | D:5      | Found a glowing golden altar of the Shining One.
  4835 | D:5      | Reached skill level 5 in Armour
  4886 | D:5      | Reached skill level 6 in Axes
  5147 | D:5      | Reached XP level 8. HP: 48/48 MP: 8/8
  5897 | D:6      | Reached skill level 5 in Fighting
  5897 | D:6      | Reached skill level 1 in Evocations
  6209 | D:6      | HP: 2/49 [iguana (8)]
  6219 | D:6      | Reached skill level 7 in Axes
  6648 | D:6      | Reached XP level 9. HP: 34/54 MP: 9/9
  6771 | D:6      | Identified a scroll of acquirement
  6771 | D:6      | Acquired the ring of Eternity {rC+++ Str+5 Int-5 Slay+4}
  6812 | D:6      | Reached skill level 5 in Shields
  7520 | D:7      | Reached skill level 8 in Axes
  7589 | D:7      | Found a staircase to the Ecumenical Temple.
  7599 | Temple   | Entered the Ecumenical Temple
  7615 | Temple   | Became a worshipper of Warmaster Okawaru
  7910 | D:8      | Found a staircase to the Lair.
  7993 | D:8      | Reached skill level 1 in Invocations
  8182 | D:8      | Found a runed translucent door.
  8183 | D:8      | Noticed a four-headed hydra
  8183 | D:8      | Noticed Bediveer's ghost (novice MeFi)
  8791 | D:8      | Noticed a two-headed ogre
  8800 | D:8      | Killed a two-headed ogre
  8800 | D:8      | Reached * piety under Okawaru
  8801 | D:8      | Reached XP level 10. HP: 49/61 MP: 10/12
  9177 | Lair:1   | Entered Level 1 of the Lair of Beasts
  9177 | Lair:1   | Noticed a seven-headed hydra
  9191 | Lair:1   | Killed a seven-headed hydra
  9191 | Lair:1   | Reached ** piety under Okawaru
  9192 | Lair:1   | Reached skill level 9 in Axes
  9560 | Lair:1   | Noticed a cane toad
  9566 | Lair:1   | Killed a cane toad
  9566 | Lair:1   | Reached *** piety under Okawaru
  9939 | Lair:1   | Reached skill level 5 in Evocations
  9944 | Lair:1   | Reached **** piety under Okawaru
 10070 | Lair:1   | Reached XP level 11. HP: 65/67 MP: 14/14
 10153 | Lair:1   | Reached skill level 10 in Axes
 10171 | Lair:1   | Reached skill level 5 in Invocations
 10601 | Lair:1   | Reached ***** piety under Okawaru
 11827 | Lair:1   | Found the +8 whip "Snakebite" {venom, curare, rPois}
 12081 | Lair:2   | Identified the +1 pair of boots "Duluon" {rF+ MP+9 Dex-3}
                  | (Okawaru gifted it to you on level 2 of the Lair of Beasts)
 12081 | Lair:2   | Received a gift from Okawaru
 12259 | Lair:2   | Noticed a boulder beetle
 12280 | Lair:2   | Killed a boulder beetle
 12281 | Lair:2   | Reached skill level 11 in Axes
 12728 | Lair:2   | Reached XP level 12. HP: 52/73 MP: 16/16
 13570 | Lair:3   | Found an opulent altar of Gozag.
 14322 | Lair:3   | Identified the +4 plate armour of Youthful Indiscretion
                  | {Will- SInv Stlth+} (Okawaru gifted it to you on level 3 of
                  | the Lair of Beasts)
 14322 | Lair:3   | Received a gift from Okawaru
 14350 | Lair:3   | Reached ****** piety under Okawaru
 14351 | Lair:3   | Reached skill level 10 in Armour
 14550 | Lair:3   | Reached skill level 12 in Axes
 14702 | Lair:3   | Noticed a catoblepas
 14705 | Lair:3   | Noticed a death yak
 14711 | Lair:3   | Killed a catoblepas
 14720 | Lair:3   | Killed a death yak
 15977 | Lair:3   | Found a staircase to the Swamp.
 16185 | Lair:3   | Found a broken altar of Ashenzari.
 16883 | Lair:4   | Found a runed translucent gate.
 16883 | Lair:4   | Found a runed translucent gate.
 16883 | Lair:4   | Found a runed translucent gate.
 16892 | Lair:4   | Noticed Ilybyalurph's ghost (journeyman OpCj)
 16926 | Lair:4   | Identified the +0 great sword of Ru's Delight {vorpal,
                  | Fragile rC++ Dex+5}
 16933 | Lair:4   | Reached XP level 13. HP: 80/80 MP: 18/18
 18184 | Lair:4   | Found a staircase to the Snake Pit.
 18872 | Lair:5   | Found a staircase to the Slime Pits.
 18873 | Lair:5   | Found a viscous altar of Jiyva.
 19017 | Lair:5   | Found a broken altar of Ashenzari.
 19486 | Lair:6   | Entered Level 6 of the Lair of Beasts
 19572 | Lair:6   | Received a gift from Okawaru
 19655 | Lair:6   | Found a shimmering blue altar of Sif Muna.
 19774 | Lair:6   | Reached skill level 13 in Axes
 19775 | Lair:6   | HP: 4/80 [death yak (7)]
 19778 | Lair:6   | Mangled by a death yak

Illustrated notes

Levels and vault maps discovered:
D:1:      minmay_arrival_shattered_statue, layout_loops_cross,
          grunt_decor_mini_mirrors
D:2:      layout_rooms, nicolae_ecumenical_oubliette, minmay_misc_feat_roman
D:3:      layout_loops_ring, mainiacjoe_overflow_catch_the_wave, uniq_sigmund
D:4:      layout_loops_cross, nicolae_sif_muna_condensation,
          grunt_temple_overflow_open
D:5:      layout_basic, old_standard_altar, serial_curves, eino_curves_03,
          eino_curves_03, eino_curves_01, eino_curves_04
D:6:      nicolae_cairo_tiling_large, layout_rooms, cheibrodos_sewer_entry_bend,
          minmay_misc_feat_plants
D:7:      layout_gridville, minmay_temple_entry_poolview, minivault_11
D:8:      layout_layer_cave, lair_entry_dummy, ebering_ghost_inner_flame
Temple:   zaba_magenta_temple
Lair:1:   minmay_guarded_unrand_snakebite, layout_cave_shapes,
          nicolae_quartered_pool_impasse, nicolae_lair_liquid_snakes,
          serial_bayou_shore_a
Lair:2:   layout_long_grid, serial_bayou_pond_b
Lair:3:   layout_gridlike, nicolae_swamp_entry_splash_gauntlet, basic_altar,
          lemuel_centaur_altar
Lair:4:   layout_regular_city, minmay_snake_entry_guardpost_medium,
          ebering_ghost_rock_garden
Lair:5:   layout_cave_pods, slime_altar_1, basic_altar,
          chequers_serial_rivers_large_b
Lair:6:   hangedman_lair_tendril_chambers, layout_misc_corridors,
          guppyfry_lair_end_dragon, basic_altar

Skill      XL: |  1  2  3  4  5  6  7  8  9 10 11 12 13 |
---------------+----------------------------------------+-----
Axes           | 2 4 5 6 7 8 9 11 12 13 | 13.0
Armour         | 4 5 6 7 8 9 10 11 | 11.0
Fighting       | 4 5 6 7 8 9 |  9.5
Shields        | 4 5 6 7 |  7.6
Evocations     | 2 4 5 6 7 |  7.9
Invocations    | 2 4 6 7 8 |  8.5

Action                   |  1- 3 |  4- 6 |  7- 9 | 10-12 | 13-15 || total
-------------------------+-------+-------+-------+-------+-------++-------
Melee: War axe           |    94 |   114 |   245 |   387 |   164 ||  1004
       Flail             |       |       |       |     7 |       ||     7
Invok: Heroism           |       |       |       |     1 |       ||     1
  Use: Potion            |       |     1 |     1 |     5 |       ||     7
       Scroll            |       |    10 |    10 |     3 |     4 ||    27
 Stab: Petrified         |       |       |       |     6 |       ||     6
Armor: Scale mail        |    48 |    78 |    50 |       |       ||   176
       Plate armour      |       |       |   191 |   394 |   111 ||   696
Dodge: Dodged            |    54 |    69 |    95 |   140 |    52 ||   410
Block: Buckler           |    21 |    27 |    58 |   126 |    37 ||   269

Table legend: (Time is in decaauts)
 A = Elapsed time spent in this place.
 B = Non-inter-level travel time spent in this place.
 C = Inter-level travel time spent in this place.
 D = Time resting spent in this place.
 E = Time spent auto-exploring this place.
 F = Levels seen in this place.
 G = Mean time per level.
                   A        B        C        D        E       F      G
               +--------+--------+--------+--------+--------+-----+--------+
         Total |  19973 |  19730 |    243 |   6918 |   9879 |  15 | 1331.5 |
       Dungeon |   9498 |   9399 |     99 |   2732 |   5102 |   8 | 1187.2 |
        Temple |     22 |     22 |      0 |      0 |      6 |   1 |   22.0 |
          Lair |  10452 |  10309 |    143 |   4186 |   4771 |   6 | 1742.0 |
               +--------+--------+--------+--------+--------+-----+--------+

Top non-repeatable levels by time:
  Lair:3: 3994 daAuts
  Lair:1: 2694 daAuts
     D:5: 1945 daAuts
     D:8: 1721 daAuts
  Lair:2: 1515 daAuts
     D:1: 1302 daAuts
     D:6: 1200 daAuts
     D:3: 1192 daAuts
  Lair:4: 983 daAuts
  Lair:5: 977 daAuts
     D:4: 931 daAuts
     D:2: 820 daAuts
     D:7: 384 daAuts
  Lair:6: 286 daAuts
  Temple: 22 daAuts
